 Dungeon Crawl Stone Soup version 0.25-a0-420-g1cc7eeb0d1 (webtiles) character file.

Game seed: 7037257428479657395, levelgen mode: deterministic

1172 vurker the Gusty (level 8, -19/36 HPs)
             Began as a Felid Air Elementalist on Jan 18, 2020.
             Was a Believer of Vehumet.
             Demolished by an orc warrior
             ... wielding a +0 war axe
              (21 damage)
             ... in a bailey.
             The game lasted 00:12:48 (8946 turns).

vurker the Gusty (Felid Air Elementalist)           Turns: 8946, Time: 00:12:48

Health: -19/36     AC:  2    Str:  4    XL:     8   Next: 18%
Magic:  1/18       EV: 22    Int: 19    God:    Vehumet [**....]
Gold:   599        SH:  5    Dex: 16    Spells: 9/19 levels left
                                        Lives:  0   Deaths: 2

rFire    . . .     SeeInvis +   (weapon unavailable)
rCold    . . .     Gourm    .   (shield unavailable)
rNeg     . . .     Faith    .   (armour unavailable)
rPois    +         Spirit   .   (helmet unavailable)
rElec    .         Reflect  +   (cloak unavailable)
rCorr    .         Harm     .   (gloves unavailable)
MR       +....                  (boots unavailable)
Stlth    +++.......             g - +5 amulet of reflection
HPRegen  0.12/turn              i - ring of poison resistance
MPRegen  0.16/turn              (no ring)

@: quick
A: very small, no armour, no weapons or thrown items, stealth, claws 1, fangs 3,
see invisible, carnivore, speed 1, shaggy fur 2, slow metabolism 1, sharp paws
a: Renounce Religion


You were in a bailey.
You worshipped Vehumet.
Vehumet was pleased with you.
You were not hungry.

You visited 2 branches of the dungeon, and saw 8 of its levels.
You also visited: Sewer and Bailey.

You collected 599 gold pieces.

Inventory:

Missiles
 p - a throwing net
Jewellery
 g - a +5 amulet of reflection (around neck)
   (You found it on level 1 of the Dungeon)
 i - a ring of poison resistance (left paw)
   (You found it on level 2 of the Dungeon)
 k - an uncursed ring of ice
   (You found it on level 4 of the Dungeon)
 q - an uncursed amulet of regeneration
   (You found it on level 7 of the Dungeon)
Wands
 u - a wand of paralysis (4)
   (You found it on level 4 of the Dungeon)
 v - a wand of digging (5)
   (You found it on level 6 of the Dungeon)
Scrolls
 a - 6 scrolls of remove curse
 b - 2 scrolls of fog {unknown}
 c - 2 scrolls of fear
 d - 2 scrolls of immolation
 h - a scroll of identify
 l - 2 scrolls of teleportation {unknown}
 m - 2 scrolls of amnesia {unknown}
 o - 2 scrolls of enchant weapon {unknown}
Potions
 f - 4 potions of heal wounds
 j - 5 potions of curing
 n - 3 potions of flight
 r - a potion of agility {unknown}
Comestibles
 e - 14 rations


   Skills:
 + Level 4.1 Fighting
 + Level 6.2 Dodging
 - Level 2.6 Stealth
 * Level 6.1 Spellcasting
 * Level 5.7 Conjurations
 * Level 6.5 Air Magic


You had 9 spell levels left.
You knew the following spells:

 Your Spells              Type           Power        Failure   Level  Hunger
a - Shock                 Conj/Air       ####         1%          1    None
b - Lightning Bolt        Conj/Air       ####......   24%         5    #####..
c - Airstrike             Air            ####......   8%          4    ####...

Your spell library contained the following spells:

 Spells                   Type           Power        Failure   Level  Hunger
 Foxfire                  Conj/Fire      ###.         3%          1    None
 Static Discharge         Conj/Air       ####....     2%          3    ##.....
 Swiftness                Chrm/Air       ###.....     4%          2    None


Dungeon Overview and Level Annotations

Branches:
Dungeon (7/15)             Temple (1/1) D:5           Sewer (visited)
 Bailey (1/1)

Altars:
Ashenzari
Dithmenos
Makhleb
Okawaru
Trog
Vehumet
Wu Jian
Yredelemnul
Zin

Shops:
D:5 !   D:6 }

Annotations:
D:7 2 transporters, Pikel


Innate Abilities, Weirdness & Mutations

You cannot wear armour.
You are incapable of wielding weapons or throwing items.
Your paws allow you to move quietly. (Stealth)
You have sharp claws.
You have razor-sharp teeth.
You have supernaturally acute eyesight. (SInv)
You are carnivorous and can eat meat at any time.
You cover ground quickly.
You are covered in thick fur. (AC +2)
You have a slow metabolism.
Your sharp claws are effective at attacking unaware monsters.


Message History

The zap hits the orc warrior!
You kill the orc warrior!
Vehumet accepts your kill.
You feel your power returning.
The zap hits the orc warrior.
You kill the orc warrior!
Vehumet accepts your kill.
You feel your power returning.
Aim: an orc knight, wielding a +0 war axe and wearing a +0 ring mail (almost dead)
The zap hits the orc knight!
The zap hits the hobgoblin.
You kill the hobgoblin!
Vehumet accepts your kill.
Aim: an orc knight, wielding a +0 war axe and wearing a +0 ring mail (almost dead)
The zap hits the orc knight.
The zap misses the orc knight.
The orc knight roars a battlecry!
The orc warrior goes into a battle-frenzy!
Aim: an orc knight, wielding a +0 war axe and wearing a +0 ring mail (almost dead)
The zap hits the orc knight.
The zap hits the orc knight!
You kill the orc knight!
Vehumet accepts your kill.
Your Fighting skill increases to level 4!
Your Dodging skill increases to level 6!
Your Spellcasting skill increases to level 6!
Welcome back to level 8!
You block the orc's attack.
Unknown command.
You scratch the orc but do no damage. Your bite misses the orc.
The orc misses you.
You closely miss the orc. You bite the orc, but do no damage.
The orc completely misses you.
You scratch the orc. You block the orc's attack.
You closely miss the orc. The orc misses you.
Aim: an orc, wielding a +0 hand axe and wearing a +0 leather armour (lightly wounded, unusually strong)
The zap hits the orc.
The zap hits the orc warrior.
Aim: an orc, wielding a +0 hand axe and wearing a +0 leather armour (moderately wounded, unusually strong)
The zap hits the orc warrior.
The zap hits the orc!
You kill the orc!
Vehumet accepts your kill.
You feel your power returning.
Aim: an orc warrior, wielding a +0 war axe and wearing a +0 chain mail (heavily wounded, unusually strong)
The zap hits the orc warrior.
The orc warrior hits you with a +0 war axe!!
Ouch! That really hurt!
* * * LOW HITPOINT WARNING * * *
You scratch the orc warrior but do no damage.
You bite the orc warrior, but do no damage.
The orc warrior completely misses you.
You scratch the orc warrior but do no damage.
The orc warrior hits you with a +0 war axe!!
Ouch! That really hurt!
You die...

##### #...#
#...# #...#
######.######
#...#...#..}#
#"....8.....#
#...#)@.#..)#
######o######
#.).# #...#
#.).# ##'##
#....≈)≈..K.#
#'###≈.≈###'#
K≈.≈(


You could see an orc warrior.

Vanquished Creatures
  An orc knight (Bailey)
  A moth of wrath (D:3)
  Sigmund (D:2)
  2 ice beasts (D:5)
  A phantom (D:6)
  2 orc warriors (Bailey)
  A black bear (D:6)
  An ogre (D:3)
  A slave (D:7)
  A big kobold (Sewer)
  A scorpion (D:6)
  A quasit (D:7)
  4 hounds
  An orc wizard (D:5)
  An orc priest (D:7)
  A jelly (D:5)
  A bullfrog skeleton (D:6)
  2 iguanas
  7 worker ants
  2 hound zombies
  9 gnolls
  A howler monkey skeleton (D:4)
  An adder (D:4)
  2 river rats
  A shadow imp (D:6)
  3 oozes
  An adder zombie (D:6)
  2 adder skeletons
  7 worms
  5 dart slugs
  2 leopard geckos
  14 orcs
  9 bats
  13 giant cockroaches
  6 goblins
  6 hobgoblins
  11 jackals
  3 quokkas
  2 ball pythons
  8 frilled lizards
  17 kobolds
  A leopard gecko zombie (D:6)
  A quokka skeleton (D:6)
  14 rats
172 creatures vanquished.

Vanquished Creatures (others)
  2 kobolds (Bailey)
2 creatures vanquished.

Grand Total: 174 creatures vanquished

Notes
Turn   | Place    | Note
-------+----------+-------------------------------------------
     0 | D:1      | vurker the Felid Air Elementalist began the quest for the
                  | Orb.
     0 | D:1      | Reached XP level 1. HP: 7/7 MP: 4/4
    60 | D:1      | Reached skill level 1 in Conjurations
   249 | D:1      | Reached XP level 2. HP: 12/12 MP: 3/6
   748 | D:1      | Reached XP level 3. HP: 11/15 MP: 3/7
  1427 | D:2      | Noticed Sigmund
  1661 | D:2      | Reached skill level 1 in Fighting
  2021 | D:2      | Reached XP level 4. HP: 17/19 MP: 2/9
  2627 | D:2      | Found a glowing silver altar of Zin.
  3020 | D:2      | Reached XP level 5. HP: 22/22 MP: 5/10
  3163 | D:2      | Killed Sigmund
  3163 | D:2      | Gained mutation: You are covered in thick fur. (AC +2)
                  | [Felid growth]
  3163 | D:2      | Reached XP level 6. HP: 26/26 MP: 4/12
  3232 | D:2      | Learned a level 5 spell: Lightning Bolt
  3237 | D:2      | Learned a level 4 spell: Airstrike
  3708 | D:3      | Noticed a moth of wrath
  3711 | D:3      | Found a bloodstained altar of Trog.
  4667 | D:3      | Killed a moth of wrath
  4667 | D:3      | Reached XP level 7. HP: 30/30 MP: 0/14
  5107 | D:4      | Found an ornate altar of the Wu Jian Council.
  5695 | D:5      | Entered Level 5 of the Dungeon
  5762 | D:5      | Found a shattered altar of Ashenzari.
  5931 | D:5      | Found Mulig's Distillery.
  5956 | D:5      | Found a staircase to the Ecumenical Temple.
  5967 | Temple   | Entered the Ecumenical Temple
  5997 | Temple   | Became a worshipper of Vehumet
  6026 | D:5      | Reached skill level 5 in Air Magic
  6130 | D:5      | Reached XP level 8. HP: 31/34 MP: 5/16
  6480 | D:5      | Reached skill level 5 in Dodging
  6760 | D:6      | Reached skill level 5 in Spellcasting
  7079 | D:6      | Found Hase Qor's Gadget Emporium.
  7120 | D:6      | Found a glowing drain.
  7137 | Sewer    | Entered a sewer
  7138 | Sewer    | Reached * piety under Vehumet
  7138 | Sewer    | Offered knowledge of Magic Dart by Vehumet.
  7421 | Sewer    | Found a white marble altar of Elyvilon.
  7844 | D:6      | Reached skill level 5 in Conjurations
  8681 | D:7      | Found a transporter.
  8681 | D:7      | Noticed Pikel
  8735 | D:7      | Mangled by a slave
  8736 | D:7      | Reached XP level 7. HP: -6/31 MP: 0/16
  8757 | D:7      | Found a transporter.
  8795 | D:7      | Found a flagged portal.
  8829 | Bailey   | Entered a bailey
  8839 | Bailey   | Reached ** piety under Vehumet
  8839 | Bailey   | Offered knowledge of Foxfire by Vehumet.
  8858 | Bailey   | Reached XP level 8. HP: 36/36 MP: 9/17
  8862 | Bailey   | Noticed an orc knight
  8866 | Bailey   | Mangled by an orc warrior
  8867 | Bailey   | Reached XP level 7. HP: -12/31 MP: 5/16
  8937 | Bailey   | Killed an orc knight
  8937 | Bailey   | Reached XP level 8. HP: 36/36 MP: 2/18
  8946 | Bailey   | Demolished by an orc warrior

Levels and vault maps discovered:
D:1:      onia_arrival_pyramid, layout_rooms, chequers_serial_rivers_small_3,
          st_stairs_3, minivault_11
D:2:      layout_basic, overflow_temple_1_default, kennysheep_generic_room_10,
          uniq_sigmund
D:3:      layout_loops_ring, tgw_trog
D:4:      layout_basic, lemuel_doored_altar
D:5:      layout_loops_ring, overflow_temple_1_default,
          minmay_temple_entry_glass, serial_shops, shop, first_ration,
          minmay_misc_feat_square
D:6:      layout_basic, serial_shops, shop_statue, portal_sewer_entry_b
D:7:      gammafunk_steamed_eel, layout_gridville,
          lemuel_coloured_pillars_altar, enter_bailey_6, uniq_pikel
Temple:   oiseaux_autumnal_temple
Bailey:   bailey_axe_1, bailey

Skill      XL: |  1  2  3  4  5  6  7  8 |
---------------+-------------------------+-----
Conjurations   | 1 2 3 4 5 |  5.7
Air Magic      | 3 4 5 6 |  6.5
Fighting       | 1 2 4 3 |  4.1
Dodging        | 3 4 6 5 |  6.2
Spellcasting   | 3 4 6 5 |  6.1
Stealth        | |  2.6

Action                   |  1- 3 |  4- 6 |  7- 9 || total
-------------------------+-------+-------+-------++-------
Melee: Unarmed           |    35 |    11 |    43 ||    89
       Bite              |     3 |       |    10 ||    13
 Cast: Shock             |   112 |    87 |   254 ||   453
       Airstrike         |       |     7 |    24 ||    31
Evoke: Wand              |       |       |     5 ||     5
  Use: Scroll            |       |     3 |     4 ||     7
 Stab: Paralysed         |       |       |    11 ||    11
  Eat: Chunk             |    10 |     6 |    11 ||    27
Armor: Skin              |     3 |       |     4 ||     7
Dodge: Dodged            |    39 |    17 |   112 ||   168
Block: Other             |       |     5 |    35 ||    40
       Reflection        |       |     1 |     8 ||     9

Table legend:
 A = Non-vault XP
 B = Vault XP
 C = Vault XP percentage of total XP
 D = Non-vault monster count
 E = Vault monster count
 F = Vault count percentage of total count
                 A         B        C        D         E       F
            +---------+---------+-------+---------+---------+-------
      Total |    1787 |    1908 |  51.6 |     128 |      45 |  26.0
            +---------+---------+-------+---------+---------+-------
        D:1 |      55 |       6 |   9.8 |      24 |       2 |   7.7
        D:2 |     135 |     236 |  63.6 |      28 |       2 |   6.7
        D:3 |     156 |     555 |  78.1 |      18 |       6 |  25.0
        D:4 |     106 |       0 |   0.0 |       9 |       0 |   0.0
        D:5 |     541 |       0 |   0.0 |      18 |       0 |   0.0
        D:6 |     673 |      21 |   3.0 |      24 |       4 |  14.3
        D:7 |     121 |       0 |   0.0 |       7 |       0 |   0.0
      Sewer |       0 |     120 | 100.0 |       0 |      12 | 100.0
     Bailey |       0 |     970 | 100.0 |       0 |      19 | 100.0
            +---------+---------+-------+---------+---------+-------
